 Dungeon Crawl Stone Soup version 0.29-a0-284-gf9362112df (webtiles) character file.

Game seed: 8076203976287417691

105770 rogsnak the Destroyer (level 15, -1/103 HPs)
             Began as a Demonspawn Earth Elementalist on Feb 5, 2022.
             Was a High Priest of Sif Muna.
             Shot with a sling bullet by a faun (22 damage)
             ... on level 4 of the Shoals on Aug 19, 2022.
             The game lasted 02:04:13 (33763 turns).

rogsnak the Destroyer (DsEE)                       Turns: 33763, Time: 02:04:15

Health: -1/103     AC: 10    Str:  9    XL:     15   Next: 95%
Magic:  40/42      EV: 14    Int: 29    God:    Sif Muna [*****.]
Gold:   1939       SH:  0    Dex: 14    Spells: 17/43 levels left

rFire   . . .      SeeInvis .   a - +2 dagger (elec)
rCold   . . .      Faith    .   (no shield)
rNeg    . . .      Spirit   .   x - +3 robe of Clouds {*Thunder rCloud rElec}
rPois   .          Reflect  .   (helmet unavailable)
rElec   +          Harm     .   E - +1 cloak
rCorr   .          Rampage  .   (no gloves)
Will    +....                   V - +2 pair of boots {Fly}
Stlth   ++........              m - amulet of regeneration
HPRegen 1.07/turn               I - ring of magical power
MPRegen 0.28/turn               S - +6 ring of intelligence

@: flying
A: horns 3, spiny 2, demonic magic 2, weakness stinger 1, demonic touch 1
a: Renounce Religion, Channel Magic, Forget Spell, Divine Exegesis


You were on level 4 of the Shoals.
You worshipped Sif Muna.
Sif Muna was extremely pleased with you.
You visited 5 branches of the dungeon, and saw 26 of its levels.
You also visited: Sewer.

You collected 2380 gold pieces.
You spent 441 gold pieces at shops.

Inventory:

Hand Weapons
 a - a +2 dagger of electrocution (weapon)
 c - a +2 demon blade of freezing
 C - a +2 hand axe of venom
 P - the +7 trident of Cowardice {vorpal, *Corrode rPois rC- Dex+8}
   (You found it on level 6 of the Lair of Beasts)

   It inflicts extra damage upon your enemies.
   Dex:       It affects your dexterity (+8).
   rC:        It makes you vulnerable to cold.
   rPois:     It protects you from poison.
   *Corrode:  It may corrode you when you take damage.
Missiles
 J - 35 stones
Armour
 e - the +1 leather armour "Juceety" {Rampage Int+7 Stlth+}
   (You found it on level 6 of the Lair of Beasts)

   Int:       It affects your intelligence (+7).
   Rampage:   It bestows one free step when moving towards enemies.
   Stlth:     It makes you more stealthy.
 f - a +0 leather armour of fire resistance
 o - a +0 scale mail of poison resistance
 u - a +1 ring mail of cold resistance
 x - the +3 robe of Clouds (worn) {*Thunder rCloud rElec}
   (You bought it in a shop on level 2 of the Orcish Mines)

   It occasionally creates storm clouds above nearby enemies.
   It grants its wearer immunity to clouds.
   rElec:     It insulates you from electricity.
 E - a +1 cloak (worn)
 V - a +2 pair of boots of flying (worn)
Magical Staves
 y - a staff of fire
 X - a staff of air
Jewellery
 m - an amulet of regeneration (around neck)
 I - a ring of magical power (left hand)
 O - a ring of ice
 Q - a ring of protection from fire
 R - a +4 ring of protection
 S - a +6 ring of intelligence (right hand)
 U - a ring of positive energy
 Y - a ring of resist corrosion
 Z - a +4 ring of slaying
Wands
 l - a wand of mindburst (36)
 s - a wand of acid (8)
 t - a wand of polymorph (6)
 w - a wand of paralysis (8)
 F - a wand of flame (24)
 M - a wand of iceblast (53)
Scrolls
 g - 6 scrolls of teleportation
 h - 3 scrolls of immolation
 k - 4 scrolls of noise {unknown}
 q - 5 scrolls of enchant armour {unknown}
 v - 6 scrolls of fog {unknown}
 A - 5 scrolls of enchant weapon {unknown}
 D - 4 scrolls of amnesia
 H - 6 scrolls of fear {unknown}
 K - 2 scrolls of magic mapping
 L - a scroll of summoning
 N - a scroll of torment
Potions
 b - a potion of berserk rage
 i - 3 potions of resistance {unknown}
 j - 4 potions of brilliance
 n - 7 potions of mutation {unknown}
 p - 8 potions of curing
 r - 5 potions of invisibility {unknown}
 z - 3 potions of might
 B - a potion of magic
 G - 3 potions of heal wounds
 T - 5 potions of degeneration {unknown}
 W - 2 potions of haste
Miscellaneous
 d - a lightning rod (4/4)


   Skills:
 + Level 5.4 Fighting
 + Level 6.4 Dodging
 - Level 2.0 Stealth
 + Level 14.5 Spellcasting
 + Level 14.7 Conjurations
 * Level 12.8 Necromancy
 - Level 0.8 Transmutations
 - Level 3.0 Air Magic
 + Level 12.6 Earth Magic


You had 17 spell levels left.
You knew the following spells:

 Your Spells              Type           Power      Damage    Failure   Level
a - Sandblast             Erth           100%       2d20      0%          1
b - Stone Arrow           Conj/Erth      100%       3d13      1%          3
c - Blink                 Tloc           42%        N/A       3%          2
d - Borgnjor's Vile Clut  Necr/Erth      38%        N/A       1%          5
e - Sticky Flame          Conj/Fire      59%        2d7       1%          4
f - Freezing Cloud        Conj/Ice/Air   26%        6-21      6%          5
g - Death Channel         Necr           38%        N/A       1%          6

Your spell library contained the following spells:

 Spells                   Type           Power      Damage    Failure   Level
 Animate Skeleton         Necr           100%       N/A       0%          1
 Magic Dart               Conj           100%       1d8       0%          1
 Pain                     Necr           100%       1d9       0%          1
 Searing Ray              Conj           100%       2d8       0%          2
 Foxfire                  Conj/Fire      100%       2x1d9     1%          1
 Shock                    Conj/Air       100%       1d9       1%          1
 Corpse Rot               Necr/Air       100%       N/A       1%          2
 Passwall                 Tmut/Erth      47%        N/A       1%          2
 Poisonous Vapours        Pois/Air       58%        N/A       1%          2
 Sublimation of Blood     Necr           77%        N/A       1%          2
 Mephitic Cloud           Conj/Pois/Air  53%        N/A       1%          3
 Swiftness                Air            38%        N/A       1%          3
 Animate Dead             Necr           38%        N/A       1%          4
 Dispel Undead            Necr           77%        3d25      1%          4
 Flame Wave               Conj/Fire      59%        2d11      1%          4
 Fulminant Prism          Conj/Hex       29%        3d14      1%          4
 Hailstorm                Conj/Ice       59%        3d13      1%          4
 Leda's Liquefaction      Hex/Erth       27%        N/A       1%          4
 Petrify                  Tmut/Erth      57%        N/A       1%          4
 Agony                    Necr           77%        N/A       1%          5
 Excruciating Wounds      Necr           38%        N/A       1%          5
 Lightning Bolt           Conj/Air       32%        1d49      1%          5
 Apportation              Tloc           42%        N/A       2%          1
 Slow                     Hex            84%        N/A       2%          1
 Summon Small Mammal      Summ           84%        N/A       2%          1
 Irradiate                Conj/Tmut      30%        3d23      2%          5
 Ensorcelled Hibernation  Hex/Ice        42%        N/A       3%          2
 Orb of Destruction       Conj           41%        9d11      4%          7
 Call Canine Familiar     Summ           21%        N/A       7%          3
 Gell's Gravitas          Tloc           21%        N/A       7%          3
 Lesser Beckoning         Tloc           21%        N/A       7%          3
 Portal Projectile        Hex/Tloc       42%        N/A       7%          3
 Teleport Other           Tloc           21%        N/A       7%          3
 Airstrike                Air            19%        N/A       7%          4
 Conjure Ball Lightning   Conj/Air       32%        3x3d10    10%         6
 Summon Lightning Spire   Summ/Air       29%        N/A       13%         4
 Statue Form              Tmut/Erth      38%        N/A       22%         6
 Cause Fear               Hex            10%        N/A       24%         4
 Olgreb's Toxic Radiance  Pois           21%        N/A       24%         4
 Blade Hands              Tmut           13%        N/A       43%         5
 Yara's Violent Unravell  Hex/Tmut       11%        3d6       50%         5
 Lehudib's Crystal Spear  Conj/Erth      39%        10d10     50%         8
 Manifold Assault         Tloc           21%        N/A       54%         5
 Metabolic Englaciation   Hex/Ice        10%        N/A       54%         5
 Dispersal                Tloc           10%        N/A       98%         6
 Dragon Form              Tmut           13%        N/A       100%        7
 Monstrous Menagerie      Summ           10%        N/A       100%        7
 Ozocubu's Refrigeration  Ice            10%        4d7       100%        7
 Ignition                 Fire           10%        3d5       100%        8
 Summon Horrible Things   Summ           10%        N/A       100%        8
 Chain Lightning          Conj/Air       32%        3d42      100%        9
 Dragon's Call            Summ           10%        N/A       100%        9
 Fire Storm               Conj/Fire      29%        8d8       100%        9
 Shatter                  Erth           38%        3d30*     100%        9


Dungeon Overview and Level Annotations

Branches:
Dungeon (13/15)            Temple (1/1) D:4            Lair (6/6) D:10
 Shoals (4/4) Lair:3       Spider (0/4) Lair:3        Slime (0/5) Lair:5
    Orc (2/2) D:12            Elf (0/3) Orc:2        Vaults (0/5) D:13
  Sewer (visited)

Altars:
Ashenzari
Cheibriados
Elyvilon
Fedhas
Gozag
Makhleb
Nemelex Xobeh
Qazlal
Ru
Sif Muna
Trog
Vehumet
Wu Jian
Yredelemnul
The Shining One
Beogh
Jiyva

Shops:
D:6 *   Orc:2 [!(!   Shoals:1 *=:[*   Shoals:2 ?

Annotations:
D:9 2 runed translucent doors, flotson's ghost, novice DsGl
D:13 Rupert; Urug
Shoals:2 3 runed translucent doors, siradein's ghost, adept DrFi
Shoals:4 Donald


Innate Abilities, Weirdness & Mutations

You have a pair of large horns on your head.
You are mostly covered in sharp spines.
Spells you cast may paralyse nearby enemies.
You have a small tail.
Your touch may inflict minor irresistible damage on your foes.


Message History

The dream sheep shake their wool and sparkle.
You feel drowsy...
You fall asleep.
Storm clouds gather above the dream sheep.
The dream sheep is struck by your spines.
The dream sheep bites you.
You wake up.
Unknown command.
The dream sheep attacks as you move away!
The dream sheep bites you.
The dream sheep shake their wool and sparkle.
You feel drowsy...
You fall asleep.
Storm clouds gather above the dream sheep.
The dream sheep bites you!!
You wake up.
A sea snake comes into view.
Found 20 gold pieces.
The dream sheep is struck by lightning.
You kill the dream sheep!
Sif Muna accepts your kill.
The sea snake hisses angrily.
A satyr comes into view. It is wielding a +0 spear.
The sea snake is struck by your spines.
The sea snake bites you but does no damage.
The satyr unwields a +0 spear.
The satyr wields a +0 fustibalus.
The satyr shoots a sling bullet.
The sling bullet misses you. The sea snake is struck by your spines.
The sea snake closely misses you.
The satyr shoots a sling bullet.
The sling bullet hits you!
A satyr and Donald come into view.
The satyr shouts!
The satyr unwields a +0 spear.
The satyr wields a +0 longbow.
The satyr shoots an arrow.
The arrow hits you.
The satyr shoots a sling bullet.
The sling bullet hits you!!
A faun comes into view. It is wielding a +0 club.
The dream sheep ruffles its wool and motes of dream dust sparkle, to no effect.
The satyr shoots a sling bullet.
The sling bullet hits you!!
* * * LOW HITPOINT WARNING * * *
The satyr plays a rousing melody on his pipes!
The faun goes into a battle-frenzy!
The faun unwields a +0 club.
The faun wields a +0 hunting sling.
The faun shoots a sling bullet.
The sling bullet hits you!!
Bones file is buggy: /crawl-master/crawl-git/saves/bones/bones.store.Shoals Clearing bad bones file: /crawl-master/crawl-git/saves/bones/bones.store.Shoals You die...

≈≈≈≈≈≈≈# ≈≈≈≈≈≈#.≈≈≈
≈H≈≈≈.#≈≈≈#.. # .
≈≈≈≈##≈≈≈##@≈ .#.#
≈≈≈##≈≈≈##...#######.≈
≈†.#≈≈≈##.....≈≈≈≈c..
.≈##≈≈≈.###.#.##≈≈≈##
.≈.#..≈##...≈≈.#≈≈≈≈#
.≈#...≈.#......S@≈≈####
.≈##..≈##..≈....≈≈..≈c#
.≈+...≈.#......#≈≈..≈c.#
.≈+...†≈##..$..#≈≈.#...#
#####≈.≈##...#####.....#
#...##.≈.HY..8≈....8≈...
.....+≈≈≈≈≈≈≈≈≈≈≈≈≈≈≈≈≈≈
....##≈.8?...8.....8...
#.###...###########....


You could see 2 satyrs, a sea snake, a faun (strong), a manticore and a dream
sheep.

Vanquished Creatures
  Mlioglotl (Shoals:3)
  A kraken (Shoals:3)
  2 orc warlords
  2 merfolk impalers (Shoals:2)
  A merfolk javelineer (Shoals:2)
  10 hydras
  A merfolk avatar (Shoals:1)
  3 boulder beetles
  A catoblepas (Lair:6)
  A centaur warrior (D:12)
  5 two-headed ogres
  A satyr (Shoals:3)
  5 orc high priests (Orc:2)
  9 sea snakes
  9 orc knights
  Pikel (D:9)
  8 harpies
  A necromancer (Lair:6)
  9 fauns
  6 manticores
  An ugly thing (D:13)
  An orc sorcerer (Orc:1)
  An oklob plant (Lair:5)
  2 elephants (Lair:6)
  3 black mambas
  2 water nymphs
  6 merfolk sirens
  A torpor snail (Lair:3)
  11 cane toads
  11 komodo dragons
  A freezing wraith (D:13)
  2 rime drakes (Lair:6)
  3 wind drakes
  15 merfolk
  3 hornets
  10 trolls
  5 blink frogs (Lair:1)
  A slime creature (D:7)
  Grinder (D:4)
  3 snapping turtles
  10 dream sheep
  2 shadows
  2 water elementals (Shoals:2)
  57 yaks
  3 wraiths
  4 basilisks
  7 wyverns
  2 steam dragons
  13 humans (D:13)
  A redback (Lair:3)
  4 wargs
  5 swamp worms (Lair:2)
  An acid dragon (D:12)
  17 water moccasins
  3 ice beasts
  41 orc warriors
  A hornet zombie (D:8)
  3 black bears
  A necrophage (D:7)
  12 ogres
  2 sky beasts (D:6)
  13 wolves
  7 centaurs
  2 phantoms (D:5)
  A lemure (D:9)
  11 bullfrogs
  5 kobold brigands
  7 scorpions
  A gnoll sergeant (D:7)
  4 killer bees (D:11)
  4 wights (D:9)
  7 howler monkeys
  A vampire bat (D:10)
  3 centaur zombies
  A hound (D:4)
  Crazy Yiuf (D:4)
  4 jellies
  A bullfrog skeleton (D:7)
  31 orc priests
  2 centaur skeletons
  2 gnoll shamans
  7 iguanas
  Terence (D:2)
  28 orc wizards
  2 polar bear simulacra (Lair:6)
  2 yak simulacra (Lair:6)
  A hound zombie (D:5)
  A hound skeleton (D:4)
  A howler monkey zombie (D:5)
  8 adders
  17 gnolls
  3 howler monkey skeletons
  5 river rats
  2 shadow imps
  2 ufetubi
  3 worms
  2 dart slugs
  107 orcs
  11 ball pythons
  10 endoplasms
  5 giant cockroaches
  13 goblins
  12 hobgoblins
  8 jackals
  9 kobolds
  10 quokkas
  12 bats
  3 frilled lizards
  7 rats
  7 river rat simulacra (Lair:6)
  12 briar patches (Lair:2)
  2 tentacles (Shoals:3)
772 creatures vanquished.

Vanquished Creatures (collateral kills)
  A hydra (Lair:6)
  A merfolk avatar (Lair:6)
  A catoblepas (Lair:6)
  5 harpies
  5 fauns (Shoals:3)
  5 manticores
  4 elephants (Lair:6)
  A cane toad (Lair:6)
  A komodo dragon (Lair:6)
  2 merfolk (Shoals:4)
  7 polar bears
  A snapping turtle (Shoals:1)
  4 dream sheep
  2 water elementals
  2 wyverns (Lair:6)
  3 yaks
  2 water moccasins (Lair:6)
  2 wolves (Lair:4)
  A bullfrog (Lair:4)
  A plant (Lair:4)
51 creatures vanquished.

Vanquished Creatures (others)
  2 briar patches (Lair:2)
  23 fungi
  124 plants
  6 tentacles (Shoals:3)
155 creatures vanquished.

Grand Total: 978 creatures vanquished

Notes
Turn   | Place    | Note
-------+----------+-------------------------------------------
     0 | D:1      | rogsnak the Demonspawn Earth Elementalist began the quest
                  | for the Orb.
     0 | D:1      | Reached XP level 1. HP: 13/13 MP: 3/3
   253 | D:1      | Gained mutation: Spells you cast may paralyse adjacent
                  | enemies. [demonic ancestry]
   253 | D:1      | Reached XP level 2. HP: 7/19 MP: 1/5
   746 | D:1      | Discovered your monstrous ancestry.
   746 | D:1      | Gained mutation: You have a pair of small horns on your
                  | head. [demonic ancestry]
   746 | D:1      | Reached XP level 3. HP: 11/24 MP: 4/6
  1618 | D:2      | Found a faded altar of an unknown god.
  1685 | D:2      | Gained mutation: You have a pair of horns on your head.
                  | [demonic ancestry]
  1685 | D:2      | Reached XP level 4. HP: 12/31 MP: 0/7
  2160 | D:2      | Noticed Terence
  2162 | D:2      | Killed Terence
  2163 | D:2      | Reached skill level 1 in Fighting
  2169 | D:2      | Learned a level 3 spell: Stone Arrow
  2172 | D:2      | Learned a level 2 spell: Blink
  2749 | D:4      | Reached XP level 5. HP: 26/37 MP: 9/9
  2793 | D:4      | Reached skill level 1 in Conjurations
  2917 | D:4      | Gained mutation: You have a small tail. [demonic ancestry]
  2917 | D:4      | Reached XP level 6. HP: 42/44 MP: 7/10
  3095 | D:4      | Found a sparkling altar of Nemelex Xobeh.
  3195 | D:4      | Noticed Grinder
  3216 | D:4      | Killed Grinder
  3217 | D:4      | Gained mutation: You are partially covered in sharp spines.
                  | [demonic ancestry]
  3217 | D:4      | Reached XP level 7. HP: 29/51 MP: 2/12
  3446 | D:4      | Found a staircase to the Ecumenical Temple.
  3460 | Temple   | Entered the Ecumenical Temple
  3466 | Temple   | Became a worshipper of Sif Muna the Loreminder
  3564 | D:4      | Found a runed translucent door.
  3565 | D:4      | Noticed Crazy Yiuf
  3601 | D:4      | Killed Crazy Yiuf
  3887 | D:5      | Entered Level 5 of the Dungeon
  3887 | D:5      | Upgraded the game from 0.29-a0-82-g837932c90e to
                  | 0.29-a0-88-g03a7b78be7
  4006 | D:5      | Gained mutation: Your touch may inflict minor irresistible
                  | damage on your foes. [demonic ancestry]
  4006 | D:5      | Reached XP level 8. HP: 60/60 MP: 10/14
  4006 | D:5      | Found a basalt altar of Yredelemnul.
  4114 | D:5      | Reached * piety under Sif Muna
  4118 | D:5      | Reached skill level 5 in Earth Magic
  4227 | D:5      | Found a glowing drain.
  4234 | Sewer    | Entered a sewer
  5357 | D:6      | Reached skill level 5 in Spellcasting
  5491 | D:6      | Reached skill level 5 in Conjurations
  5639 | D:6      | Found a stormy altar of Qazlal.
  5657 | D:6      | Reached ** piety under Sif Muna
  5758 | D:6      | Reached XP level 9. HP: 66/66 MP: 9/16
  5928 | D:6      | Found Kigiss's Gadget Gallery.
  6707 | D:7      | Found an opulent altar of Gozag.
  7864 | D:7      | Reached *** piety under Sif Muna
  7867 | D:7      | Gained mutation: You are mostly covered in sharp spines.
                  | [demonic ancestry]
  7867 | D:7      | Reached XP level 10. HP: 70/73 MP: 9/19
  8287 | D:8      | Noticed a two-headed ogre
  8292 | D:8      | Killed a two-headed ogre
  8293 | D:8      | Reached skill level 5 in Dodging
  9228 | D:8      | Found a bloodstained altar of Trog.
  9340 | D:8      | Found a sacrificial altar of Ru.
  9341 | D:8      | Found a broken altar of Ashenzari.
  9345 | D:8      | Found a snail-covered altar of Cheibriados.
  9346 | D:8      | Found an ornate altar of the Wu Jian Council.
  9628 | D:9      | Noticed Pikel
  9730 | D:9      | Killed Pikel
  9827 | D:9      | Found a large runed translucent door.
  9827 | D:9      | Found a large runed translucent door.
  9827 | D:9      | Noticed flotson's ghost (novice DsGl)
 10029 | D:9      | Reached skill level 10 in Conjurations
 10492 | D:9      | Noticed a two-headed ogre
 10499 | D:9      | Killed a two-headed ogre
 10500 | D:9      | Reached XP level 11. HP: 78/78 MP: 8/22
 10692 | D:9      | Learned a level 5 spell: Borgnjor's Vile Clutch
 10847 | D:9      | Noticed a two-headed ogre
 10850 | D:9      | Killed a two-headed ogre
 10851 | D:9      | Reached skill level 1 in Necromancy
 11168 | D:10     | Entered Level 10 of the Dungeon
 11198 | D:10     | Found a staircase to the Lair.
 11344 | D:10     | Found a burning altar of Makhleb.
 11355 | D:10     | Found a blossoming altar of Fedhas.
 11756 | D:10     | Noticed a two-headed ogre
 11758 | D:10     | Killed a two-headed ogre
 11758 | D:10     | Reached **** piety under Sif Muna
 13449 | D:12     | Noticed a seven-headed hydra
 13456 | D:12     | Killed a seven-headed hydra
 13636 | D:12     | Found a blossoming altar of Fedhas.
 13964 | D:12     | Noticed a centaur warrior
 13969 | D:12     | Killed a centaur warrior
 14083 | D:12     | Found a staircase to the Orcish Mines.
 14383 | D:13     | Noticed Rupert
 14384 | D:13     | Found a gate to the Vaults.
 14384 | D:13     | Noticed Urug
 14552 | D:13     | Noticed a red ugly thing
 14552 | D:13     | Noticed a boulder beetle
 14579 | D:13     | Killed a red ugly thing
 14580 | D:13     | Gained mutation: You have a pair of large horns on your
                  | head. [demonic ancestry]
 14580 | D:13     | Reached XP level 12. HP: 61/85 MP: 3/24
 14582 | D:12     | Upgraded the game from 0.29-a0-88-g03a7b78be7 to
                  | 0.29-a0-90-gc37658a0fe
 14691 | D:13     | Noticed a centaur warrior
 14742 | D:12     | Killed a boulder beetle
 15253 | Orc:1    | Entered Level 1 of the Orcish Mines
 15318 | D:12     | Reached skill level 5 in Fighting
 15525 | Orc:2    | Entered Level 2 of the Orcish Mines
 15528 | Orc:2    | Reached skill level 5 in Necromancy
 15958 | Orc:1    | Paralysed by an orc sorcerer for 5 turns
 16180 | Orc:2    | Noticed an orc warlord
 16616 | Orc:1    | Reached skill level 10 in Earth Magic
 16863 | Orc:2    | Reached ***** piety under Sif Muna
 17451 | Orc:1    | Reached skill level 10 in Spellcasting
 17454 | Orc:1    | Received a gift from Sif Muna
 17455 | Orc:1    | Got Dyeleij's Disquisition on Gliding Combat Magic {god
                  | gift}
 17462 | Orc:1    | Learned a level 4 spell: Sticky Flame
 17468 | Orc:1    | Learned a level 5 spell: Freezing Cloud
 17751 | Orc:2    | Noticed a two-headed ogre
 17762 | Orc:2    | Killed a two-headed ogre
 18571 | Orc:2    | Noticed an orc warlord
 18761 | Orc:2    | Killed an orc warlord
 19042 | Orc:1    | Killed an orc warlord
 19997 | Orc:2    | Found a staircase to the Elven Halls.
 20012 | Orc:2    | Reached XP level 13. HP: 91/91 MP: 17/27
 20396 | Orc:2    | Reached skill level 1 in Air Magic
 21077 | Orc:2    | HP: 4/91 [orc knight/bolt (31)]
 22037 | Orc:2    | Found Cahukin's Distillery.
 22037 | Orc:2    | Found Koukkis's Armour Emporium.
 22038 | Orc:2    | Found Mazxoc's Distillery.
 22038 | Orc:2    | Found Liarext's Antique Weapon Shoppe.
 22053 | Orc:2    | Bought the +3 robe of Clouds {*Thunder rCloud rElec} for
                  | 356 gold pieces
 22053 | Orc:2    | Found the +3 robe of Clouds {*Thunder rCloud rElec}
 22070 | Orc:2    | Bought a potion of heal wounds for 85 gold pieces
 22205 | Lair:1   | Entered Level 1 of the Lair of Beasts
 23202 | Lair:2   | Received a gift from Sif Muna
 23208 | Lair:2   | Got Sif Muna's Almanac of Curses and Companions {god gift}
 23216 | Lair:2   | Learned a level 6 spell: Death Channel
 23939 | Lair:2   | Found a transporter.
 23963 | Lair:2   | Found a transporter.
 24734 | Lair:3   | Identified the +1 leather armour "Teogist" {Will+}
 24838 | Lair:3   | Found a staircase to the Shoals.
 25036 | Lair:3   | Found a radiant altar of Vehumet.
 25089 | Lair:3   | Gained mutation: Spells you cast may paralyse nearby
                  | enemies. [demonic ancestry]
 25089 | Lair:3   | Reached XP level 14. HP: 98/98 MP: 17/29
 25280 | Lair:3   | Found a hole to the Spider Nest.
 26463 | Lair:4   | Received a gift from Sif Muna
 26466 | Lair:4   | Got Ysiaf's Collected Works on Weightlessness {god gift}
 27774 | Lair:5   | Found a runed translucent door.
 27774 | Lair:5   | Found a viscous altar of Jiyva.
 27774 | Lair:5   | Found a staircase to the Slime Pits.
 28509 | Lair:6   | Entered Level 6 of the Lair of Beasts
 28527 | Lair:6   | Reached skill level 10 in Necromancy
 28903 | Lair:6   | Received a gift from Sif Muna
 28907 | Lair:6   | Got Pemesimu's Incunabulum of Attacks and Displacement {god
                  | gift}
 29366 | Lair:6   | Identified the +7 trident of Cowardice {vorpal, *Corrode
                  | rPois rC- Dex+8}
 29381 | Lair:6   | Identified the +1 leather armour "Juceety" {Rampage Int+7
                  | Stlth+}
 29468 | Lair:6   | Reached XP level 15. HP: 103/103 MP: 10/32
 29645 | Lair:6   | Paralysed by a hornet for 1 turns
 30336 | Shoals:1 | Entered Level 1 of the Shoals
 30504 | Shoals:1 | Found Qife's Jewellery Boutique.
 30519 | Shoals:1 | Found Byoricid's General Store.
 30669 | Shoals:1 | Upgraded the game from 0.29-a0-90-gc37658a0fe to
                  | 0.29-a0-91-gdebf4667c2
 30713 | Shoals:1 | Found Daseunesm's Armour Shoppe.
 31114 | Shoals:1 | Found Himosas's Book Emporium.
 31118 | Shoals:1 | Found Kagoic's Assorted Antiques.
 31480 | Shoals:2 | Identified a scroll of acquirement
 31497 | Shoals:2 | Acquired a +2 demon blade of freezing
 31682 | Shoals:2 | Found Xutoxt's Magic Scroll Boutique.
 31806 | Shoals:2 | HP: 5/103 [merfolk (19)]
 32138 | Shoals:2 | Found a runed translucent gate.
 32138 | Shoals:2 | Found a runed translucent gate.
 32138 | Shoals:2 | Found a runed translucent gate.
 32143 | Shoals:2 | Noticed siradein's ghost (adept DrFi)
 32315 | Shoals:2 | Upgraded the game from 0.29-a0-91-gdebf4667c2 to
                  | 0.29-a0-234-g0dae59b3db
 32315 | Shoals:2 | Upgraded the game from 0.29-a0-234-g0dae59b3db to
                  | 0.29-a0-284-gf9362112df
 32688 | Shoals:3 | Identified the +1 spear "Tudei" {freeze, rElec rF- Dex+2}
 32694 | Shoals:3 | Received a gift from Sif Muna
 32843 | Shoals:3 | Noticed a kraken
 32865 | Shoals:3 | Killed a kraken
 32979 | Shoals:3 | Noticed Mlioglotl
 32987 | Shoals:3 | Killed Mlioglotl
 33641 | Shoals:4 | Entered Level 4 of the Shoals
 33761 | Shoals:4 | Noticed Donald
 33763 | Shoals:4 | Shot with a sling bullet by a faun

Illustrated notes

Levels and vault maps discovered:
D:1:      wheals_arrival_linesprint, layout_loops_ring
D:2:      layout_basic, ebering_ecumenical_altar_mist,
          minmay_shallow_snake_nest, uniq_terence
D:3:      layout_rooms, nicolae_tso_swordbearing_angel,
          hangedman_abyss_or_decor_stabs
D:4:      minmay_angry_zag, layout_cave_pools, mainiacjoe_overflow_alcove_2,
          minmay_temple_entry_offerings, grunt_ministairs_13,
          minmay_goblin_kobold_house, uniq_crazy_yiuf_cottage, uniq_grinder
D:5:      layout_rooms, mainiacjoe_overflow_small_starburst,
          lightli_sewer_entry_pipes, minmay_misc_feat_four_crosses
D:6:      layout_basic, mainiacjoe_overflow_chevrons, nicolae_shop_gadgets
D:7:      minmay_the_grid_octo_tiled_squarecenter
          [minmay_the_grid_octo_concentric, minmay_the_grid_octo_checkered,
          minmay_the_grid_octo_vomiting_pacman, minmay_the_grid_octo_pinwheel,
          minmay_the_grid_square_5x5_megaprize_hollow,
          minmay_the_grid_square_5x5_plus, minmay_the_grid_square_5x5_inner_v,
          minmay_the_grid_square_5x5_trominoes,
          minmay_the_grid_square_5x5_inverted_slash], layout_gridville,
          mainiacjoe_overflow_tiny_flanked, minmay_fountain_box
D:8:      wander_river, layout_loops_ring, minitemple, eino_curves_02,
          lemuel_flame_loot_1
D:9:      layout_irregular_city, ebering_ghost_disaster_area,
          kennysheep_cluttered_room, uniq_pikel
D:10:     layout_rooms, mainiacjoe_overflow_swirl, dpeg_oklobed_lair,
          roderic_batcave, kennysheep_generic_room_13
D:11:     layout_gridville
D:12:     layout_big_octagon, minmay_orc_entry_temple_small,
          grunt_decor_arrowhead, fedhas_altar_4
D:13:     layout_rooms, david_vaults_3, uniq_nessos
Temple:   eino_wide_crystal_templ
Lair:1:   layout_hall_layers, serial_bayou, serial_bayou_lagoon_a,
          serial_bayou_shore_b, serial_bayou_pond_e, serial_bayou_ford_a,
          serial_bayou_shore_a, serial_bayou_lagoon_b, serial_bayou_shore_b
Lair:2:   gammafunk_worm_tunnel, layout_chaotic_city
Lair:3:   nzn_winding_woodlands_three_and_one
          [nzn_winding_woodlands_5x15_sawtooth,
          nzn_winding_woodlands_5x15_garden, nzn_winding_woodlands_5x15_pool,
          nzn_winding_woodlands_center_diamonds], layout_chaotic_city,
          elwin_shoals_entry_rocks, spider_nest_entry_a, basic_altar
Lair:4:   layout_long_grid, cheibrodos_lair_lostbears
Lair:5:   layout_misc_corridors, slime_altar_2, beast_lair_carwin_3
Lair:6:   gammafunk_lair_ancient_temple, layout_regular_city, wad_woods_road_03,
          eino_house_with_fridge, infiniplex_staircase_pool_2,
          serial_bayou_shore_b
Shoals:1: layout_shoals, serial_shops, shop, shop_fountains,
          nicolae_take_the_stairs, nicolae_shop_hallway_stairs,
          nicolae_shop_trees
Shoals:2: layout_shoals, gammafunk_ghost_necromancy, serial_shops,
          nicolae_shop_trees
Shoals:3: layout_shoals, uniq_mlioglotl
Shoals:4: shoals_end_hellmonk_lost_city, uniq_donald, uniq_bai_suzhen
Orc:1:    layout_caves
Orc:2:    st_orc_pillars, layout_caves, minmay_orc_barracks

Skill      XL: |  1  2  3  4  5  6  7  8  9 10 11 12 13 14 15 |
---------------+----------------------------------------------+-----
Earth Magic    | 3 4 5 6 8 9 10 11 12 | 12.6
Stealth        | 2 |  2.0
Dodging        | 2 3 4 5 6 |  6.4
Fighting       | 1 2 3 4 5 |  5.4
Spellcasting   | 3 4 5 6 7 8 10 11 13 14 | 14.5
Conjurations   | 1 2 3 5 7 10 11 12 13 14 | 14.7
Necromancy     | 4 6 8 11 12 | 12.8
Air Magic      | 3 |  3.0
Transmutations | |  0.8

Action                   |  1- 3 |  4- 6 |  7- 9 | 10-12 | 13-15 || total
-------------------------+-------+-------+-------+-------+-------++-------
Melee: Dagger            |    75 |   168 |   162 |   117 |   192 ||   714
       Punch             |     4 |     2 |     5 |     1 |     6 ||    18
       Headbutt          |     5 |    29 |    32 |    35 |    52 ||   153
       Tailslap          |       |     3 |    14 |    15 |    48 ||    80
       Touch             |       |       |    20 |    22 |    51 ||    93
 Cast: Sandblast         |    13 |     9 |     2 |       |     1 ||    25
       Stone Arrow       |       |     3 |   106 |   384 |   311 ||   804
       Blink             |       |       |     1 |       |       ||     1
       Borgnjor's Vile C |       |       |       |    21 |    32 ||    53
       Freezing Cloud    |       |       |       |     9 |   130 ||   139
       Sticky Flame      |       |       |       |       |     7 ||     7
       Death Channel     |       |       |       |       |    40 ||    40
  Use: Potion            |       |       |       |       |     1 ||     1
       Scroll            |       |       |       |       |    18 ||    18
 Stab: Sleeping          |     4 |     8 |     2 |     2 |     2 ||    18
       Paralysed         |     1 |     5 |    11 |    16 |    23 ||    56
Armor: Robe              |    11 |    29 |    24 |     4 |    61 ||   129
       Steam dragon scal |       |       |       |    26 |     1 ||    27
Dodge: Dodged            |    43 |    99 |    84 |   107 |   139 ||   472

Table legend: (Time is in decaauts)
 A = Elapsed time spent in this place.
 B = Non-inter-level travel time spent in this place.
 C = Inter-level travel time spent in this place.
 D = Time resting spent in this place.
 E = Time spent auto-exploring this place.
 F = Levels seen in this place.
 G = Mean time per level.
                   A        B        C        D        E       F      G
               +--------+--------+--------+--------+--------+-----+--------+
         Total |  34045 |  33261 |    784 |  10174 |  13865 |  27 | 1260.9 |
       Dungeon |  15150 |  14699 |    451 |   3563 |   7682 |  13 | 1165.4 |
        Temple |     14 |     14 |      0 |      0 |      1 |   1 |   14.0 |
          Lair |   8172 |   7968 |    204 |   1589 |   4557 |   6 | 1362.0 |
        Shoals |   3431 |   3388 |     43 |   1654 |      0 |   4 |  857.8 |
  Orcish Mines |   6568 |   6483 |     85 |   3368 |   1247 |   2 | 3284.0 |
         Sewer |    707 |    707 |      0 |      0 |    377 |   1 |  707.0 |
               +--------+--------+--------+--------+--------+-----+--------+

Top non-repeatable levels by time:
   Orc:2: 4538 daAuts
   Orc:1: 2029 daAuts
  Lair:3: 1884 daAuts
    D:12: 1615 daAuts
     D:6: 1568 daAuts
  Lair:6: 1513 daAuts
     D:7: 1507 daAuts
     D:9: 1466 daAuts
     D:1: 1448 daAuts
     D:8: 1448 daAuts
  Lair:2: 1378 daAuts
    D:11: 1235 daAuts
Shoals:3: 1202 daAuts
  Lair:4: 1199 daAuts
     D:4: 1187 daAuts
